 Dungeon Crawl Stone Soup version 0.30.0-29-ga12c61a403 (webtiles) character file.

Game seed: 4267592995955533422

177 qw the Chopper (level 5, 0/32 HPs)
             Began as a Gargoyle Fighter on June 5, 2023.
             Slain by an orc
             ... wielding a +0 trident
              (2 damage)
             ... on level 3 of the Dungeon.
             The game lasted 00:01:17 (1711 turns).

qw the Chopper (Gargoyle Fighter)                   Turns: 1711, Time: 00:01:18

Health: 0/32       AC: 19    Str: 21    XL:     5   Next: 57%
Magic:  5/5        EV:  5    Int:  9    God:
Gold:   90         SH:  4    Dex:  9    Spells: 4/4 levels left

rFire   . . .        Y - +0 war axe (protect)
rCold   . . .        c - +0 buckler
rNeg    + . .        f - +0 plate armour
rPois   inf          (no helmet)
rElec   +            j - +2 cloak
rCorr   .            a - +0 pair of gloves
SInv    .            (no boots)
Will    .....        (no amulet) Stlth
                     (no ring)
HPRegen 0.25/turn    (no ring)
MPRegen 0.09/turn

%: no passive effects
@: no status effects
A: sickness immunity, AC +4, negative energy resistance 1, electricity
resistance, torment resistance 1, petrification resistance
a: no special abilities


You were on level 3 of the Dungeon.
You visited 1 branch of the dungeon, and saw 3 of its levels.

You collected 90 gold pieces.


Innate Abilities, Weirdness & Mutations

You are immune to sickness and miasma.
Your stone body is resilient. (AC +4)
You are immune to poison.
You resist negative energy. (rN+)
You are resistant to electric shocks. (rElec)
You are resistant to unholy torment.
You are immune to petrification.


   Skills:
 + Level 3.3 Fighting
 - Level 5.1 Axes
 - Level 3.2 Armour
 - Level 3.2 Shields


You had 4 spell levels left.
You didn't know any spells.
Your spell library was empty.

Inventory:

Hand Weapons
 k - a +0 flail
 Y - a +0 war axe of protection (weapon)
Missiles
 l - a boomerang (quivered)
Armour
 a - a +0 pair of gloves (worn)
 c - a +0 buckler (worn)
 f - a +0 plate armour (worn)
 j - a +2 cloak (worn)
Scrolls
 h - a scroll of identify
Potions
 b - a potion of haste {unknown}
 d - 2 potions of might
 g - a potion of curing {unknown}
 i - a potion of resistance {unknown}

Dungeon Overview and Level Annotations

Branches:
Dungeon (3/15)

Altars:
Xom

Shops:
D:1 :


Message History

You miss something.
You hear some strange, mumbled words.
Something tries to affect you, but you resist.
The orc hits you from afar with a +0 trident.
You hear some strange, mumbled words.
A magic dart appears from out of thin air!
The magic dart hits you but does no damage.
The orc barely misses you.
You barely miss something. You block the orc's attack.
Something hits you but does no damage.
You miss something. Something hits you. The orc barely misses you.
You hit something.
Your weapon exudes an aura of protection.
Something hits you but does no damage.
The orc hits you from afar with a +0 trident.
Something hits you but does no damage. The orc hits you but does no damage.
You hit something.
You hear some strange, mumbled words.
You are confused.
The orc hits you but does no damage. Something hits you but does no damage.
The orc barely misses you.
You hear some strange, mumbled words.
A puff of flame appears from out of thin air!
The puff of flame hits you but does no damage.
The orc barely misses you. Something hits you but does no damage.
The orc hits you but does no damage.
An orc wizard appears from thin air!
Reactivating autopickup.
The orc wizard casts a spell at you.
The puff of flame hits you but does no damage.
The orc barely misses you.
You feel less confused.
The orc wizard hits you with a +0 dagger of electrocution.
The orc hits you from afar with a +0 trident.
You closely miss the orc wizard.
The orc wizard is severely wounded.
The orc wizard hits you but does no damage.
The orc hits you from afar with a +0 trident.
You die...

##..#.)%# #####.## .# ##
#..# . .# ##+## ##.#
.#.###...## #.# #
...##.....## #.. ##.
#.##.......## ###
###...##.#.....<...####.
.....oo@.+.........'....
###..o##.#.........####.
##. #.##.......## ##
#######.###.....## ##
#.......# ##...## #.
#.####### ##'## #. ##.##
#.# #. #...# #####.####
#. ###...### #........#
#.


You could see an orc wizard and 2 orcs.

Vanquished Creatures
  An orc priest (D:3)
  Jessica (D:2)
  An orc wizard (D:3)
  2 gnolls
  2 worms (D:2)
  2 dart slugs
  5 orcs (D:3)
  7 ball pythons
  5 endoplasms
  A giant cockroach (D:2)
  4 goblins
  6 hobgoblins
  4 kobolds
  4 quokkas
  5 bats
  4 frilled lizards
  10 rats
64 creatures vanquished.

Notes
Turn   | Place    | Note
-------+----------+-------------------------------------------
     0 | D:1      | qw the Gargoyle Fighter began the quest for the Orb.
     0 | D:1      | Reached XP level 1. HP: 14/14 MP: 1/1
     0 | D:1      | 0 ||| qw: Version: 0.2-a-108-gee2c290
     0 | D:1      | 0 ||| qw: Game counter: 1475
     0 | D:1      | 0 ||| qw: Always use a shield: true
     0 | D:1      | 0 ||| qw: God list: Okawaru
     0 | D:1      | 0 ||| qw: Allow faded altars: false
     0 | D:1      | 0 ||| qw: Do Orc after D:15 true
     0 | D:1      | 0 ||| qw: Do second Lair branch before Depths: true
     0 | D:1      | 0 ||| qw: Lair rune preference: random
     0 | D:1      | 0 ||| qw: Plans: Normal, Zot:1-4, Slime:5, God:TSO, Crypt,
                  | Tomb, Abyss, Pan, Hells, Win
     0 | D:1      | 0 ||| PLANNING D:1-11
    19 | D:1      | Reached skill level 2 in Axes
    85 | D:1      | Reached XP level 2. HP: 19/19 MP: 2/2
    88 | D:1      | Found Yhul's Book Boutique.
   159 | D:1      | 159 ||| Stepping ~*~*~tactically~*~*~ (stealth).
   161 | D:1      | 161 ||| Stepping ~*~*~tactically~*~*~ (stealth).
   166 | D:1      | Reached skill level 3 in Axes
   177 | D:1      | Reached XP level 3. HP: 14/23 MP: 3/3
   186 | D:1      | 186 ||| FLEEEEING.
   194 | D:1      | 194 ||| FLEEEEING.
   195 | D:1      | 195 ||| FLEEEEING.
   199 | D:1      | 199 ||| FLEEEEING.
   200 | D:1      | 200 ||| FLEEEEING.
   201 | D:1      | 201 ||| FLEEEEING.
   202 | D:1      | 202 ||| FLEEEEING.
   203 | D:1      | 203 ||| FLEEEEING.
   563 | D:1      | 563 ||| READING scroll labelled OSOMOMUBLI.
   564 | D:1      | 564 ||| READING scroll labelled UBRIVO FAGYARU.
   582 | D:1      | 582 ||| READING 2 scrolls labelled XUUCUV MERYU.
   650 | D:2      | Noticed Jessica
   653 | D:2      | Killed Jessica
   654 | D:2      | Reached skill level 4 in Axes
   654 | D:2      | Reached XP level 4. HP: 26/28 MP: 4/4
   836 | D:2      | 836 ||| FLEEEEING.
   837 | D:2      | 837 ||| FLEEEEING.
   838 | D:2      | 838 ||| FLEEEEING.
   839 | D:2      | 839 ||| STAIRDANCE
   852 | D:1      | 852 ||| UPGRADING to +0 pair of gloves.
   857 | D:1      | 857 ||| UPGRADING to +0 plate armour.
   867 | D:1      | 867 ||| DROPPING +0 scale mail.
   870 | D:2      | 870 ||| STAIRDANCE
  1033 | D:2      | 1033 ||| Stepping ~*~*~tactically~*~*~ (hiding).
  1035 | D:2      | 1035 ||| Stepping ~*~*~tactically~*~*~ (hiding).
  1434 | D:2      | 1434 ||| UPGRADING to +2 cloak.
  1439 | D:2      | 1439 ||| READING scroll labelled BOHUPNA UHOSM.
  1440 | D:2      | 1440 ||| READING scroll labelled FULEGO UXZALI.
  1457 | D:3      | 1457 ||| STAIRDANCE
  1488 | D:3      | 1488 ||| Stepping ~*~*~tactically~*~*~ (stealth).
  1502 | D:3      | 1502 ||| Stepping ~*~*~tactically~*~*~ (stealth).
  1513 | D:3      | 1513 ||| Stepping ~*~*~tactically~*~*~ (stealth).
  1514 | D:3      | 1514 ||| READING scroll labelled ICSOTIODWY.
  1528 | D:3      | Found a shimmering altar of Xom.
  1590 | D:3      | 1590 ||| Stepping ~*~*~tactically~*~*~ (stealth).
  1621 | D:3      | Reached XP level 5. HP: 31/32 MP: 5/5
  1648 | D:3      | 1648 ||| DROPPING +0 whip.
  1676 | D:3      | 1676 ||| Stepping ~*~*~tactically~*~*~ (hiding).
  1685 | D:3      | Reached skill level 5 in Axes
  1698 | D:3      | HP: 8/32 [orc/+0 trident (5)]
  1703 | D:3      | HP: 6/32 [something (2)]
  1710 | D:3      | HP: 6/32 [orc wizard/+0 dagger of electrocution (1)]
  1710 | D:3      | HP: 2/32 [orc/+0 trident (4)]
  1711 | D:3      | Slain by an orc

Levels and vault maps discovered:
D:1:      spicycebolla_arrival_clurvy, layout_rooms, serial_shops, shop
D:2:      layout_basic, uniq_jessica
D:3:      layout_loops_corners, tgw_xom, dk_yredelemnul_ordeal,
          hellmonk_ecumenical_altar_inner_sanctum, minmay_misc_feat_alley

Skill      XL: |  1  2  3  4  5 |
---------------+----------------+-----
Axes           | 2 3 4 5 |  5.1
Fighting       | |  3.3
Armour         | |  3.2
Shields        | |  3.2

Action                     |  1- 3 |  4- 6 || total
---------------------------+-------+-------++-------
  Melee: War axe           |    81 |   108 ||   189
  Throw: Boomerang         |       |    17 ||    17
    Use: Scroll            |     3 |     3 ||     6
 Armour: Scale mail        |    44 |     5 ||    49
         Plate armour      |       |    78 ||    78
  Dodge: Dodged            |    41 |    28 ||    69
  Block: Buckler           |    17 |    19 ||    36

Table legend:
 A = Non-vault XP
 B = Vault XP
 C = Vault XP percentage of total XP
 D = Non-vault monster count
 E = Vault monster count
 F = Vault count percentage of total count
                 A         B        C        D         E       F
            +---------+---------+-------+---------+---------+-------
      Total |     196 |      58 |  22.8 |      56 |       8 |  12.5
            +---------+---------+-------+---------+---------+-------
        D:1 |      64 |       0 |   0.0 |      30 |       0 |   0.0
        D:2 |      34 |      37 |  52.1 |      16 |       1 |   5.9
        D:3 |      98 |      21 |  17.6 |      10 |       7 |  41.2
            +---------+---------+-------+---------+---------+-------
